| TOP OF THE 1ST |
|
Tijuana Toros batting - Pitching for Roswell Invaders : RHP Sam Lewis
|
|
Pitching: RHP Sam Lewis
|
|
|
Batting: RHB Jason Baldwin
|
0-0: Ground out U3 (Groundball, 13, EV 88.1 MPH)
|
|
Batting: LHB Fernão Manta
|
0-0: Ball 1-0: Ball 2-0: Ball 3-0: Base on Balls
|
|
Batting: RHB Juan Gallegos
|
0-0: Ball 1-0: Fielders Choice at 2nd, 1-4 (Groundball, 25, EV 68.8 MPH)
|
|
Batting: LHB Chris Buchan
|
0-0: Ball 1-0: Ball 2-0: Ball 3-0: Foul Ball, location: 2F 3-1: Foul Ball, location: 2F 3-2: Foul Ball, location: 2F 3-2: Strikes out swinging
|
| Top of the 1st over - 0 runs, 0 hits, 0 errors, 1 left on base; Tijuana 0 - Roswell 0 |
| BOTTOM OF THE 1ST |
|
Roswell Invaders batting - Pitching for Tijuana Toros : LHP Cao-Ky Trieu
|
|
Pitching: LHP Cao-Ky Trieu
|
|
|
Batting: RHB Chris Jones
|
0-0: Ball 1-0: Ball 2-0: Called Strike 2-1: Ground out 5-3 (Groundball, 56S, EV 85.6 MPH)
|
|
Batting: RHB Hector Tabares
|
0-0: Ball 1-0: Swinging Strike 1-1: Called Strike 1-2: Ball 2-2: Foul Ball, location: 2F 2-2: Foul Ball, location: 2F 2-2: Ball 3-2: Foul Ball, location: 2F 3-2: Foul Ball, location: 2F 3-2: Fly out, F9 (Flyball, 89D, EV 85.6 MPH)
|
|
Batting: LHB Nelson Pelico
|
0-0: Called Strike 0-1: Swinging Strike 0-2: Ball 1-2: Fly out, F8 (Flyball, 8RD, EV 89.4 MPH)
|
| Bottom of the 1st over - 0 runs, 0 hits, 0 errors, 0 left on base; Tijuana 0 - Roswell 0 |
| TOP OF THE 2ND |
|
Tijuana Toros batting - Pitching for Roswell Invaders : RHP Sam Lewis
|
|
Batting: RHB Bob Magana
|
0-0: Called Strike 0-1: Called Strike 0-2: Ball 1-2: Ball 2-2: Ball 3-2: Strikes out looking
|
|
Batting: LHB Jim Jardine
|
0-0: Ball 1-0: Foul Ball, location: 2F 1-1: Ball 2-1: Ground out 3-1 (Groundball, 34, EV 85.6 MPH)
|
|
Batting: RHB Makoto Narita
|
0-0: Called Strike 0-1: Ball 1-1: Foul Ball, location: 2F 1-2: Foul Ball, location: 2F 1-2: Strikes out looking
|
| Top of the 2nd over - 0 runs, 0 hits, 0 errors, 0 left on base; Tijuana 0 - Roswell 0 |
| BOTTOM OF THE 2ND |
|
Roswell Invaders batting - Pitching for Tijuana Toros : LHP Cao-Ky Trieu
|
|
Batting: RHB Cesar Rendon
|
0-0: Called Strike 0-1: Foul Ball, location: 2F 0-2: Ball 1-2: Ground out 6-3 (Groundball, 6, EV 96.9 MPH)
|
|
Batting: RHB Jimmy McIntosh
|
0-0: Foul Ball, location: 2F 0-1: Ground out 4-3 (Groundball, 4, EV 93.1 MPH)
|
|
Batting: LHB Falco van Koeveringe
|
0-0: Ball 1-0: Ball 2-0: Ball 3-0: Called Strike 3-1: Called Strike 3-2: Foul Ball, location: 2F 3-2: Base on Balls
|
|
Batting: RHB John Ricketts
|
0-0: Called Strike 0-1: Called Strike 0-2: Strikes out looking
|
| Bottom of the 2nd over - 0 runs, 0 hits, 0 errors, 1 left on base; Tijuana 0 - Roswell 0 |
| TOP OF THE 3RD |
|
Tijuana Toros batting - Pitching for Roswell Invaders : RHP Sam Lewis
|
|
Batting: LHB Pedro Garza
|
0-0: Called Strike 0-1: Fly out, F8 (Flyball, 8RD, EV 81.9 MPH)
|
|
Batting: SHB Alex Noval
|
0-0: Called Strike 0-1: Ball 1-1: Ball 2-1: Ball 3-1: Called Strike 3-2: Ground out 4-3 (Groundball, 4, EV 85.0 MPH)
|
|
Batting: RHB Jason Baldwin
|
0-0: Called Strike 0-1: Ball 1-1: Ground out 6-3 (Groundball, 4M, EV 102.5 MPH)
|
| Top of the 3rd over - 0 runs, 0 hits, 0 errors, 0 left on base; Tijuana 0 - Roswell 0 |
| BOTTOM OF THE 3RD |
|
Roswell Invaders batting - Pitching for Tijuana Toros : LHP Cao-Ky Trieu
|
|
Batting: RHB Jose Cuellar
|
0-0: Foul Ball, location: 2F 0-1: Foul Ball, location: 2F 0-2: Ball 1-2: Ball 2-2: Strikes out swinging
|
|
Batting: RHB Carlos Gonzalez
|
0-0: Foul Ball, location: 2F 0-1: Ball 1-1: Fly out, F8 (Flyball, 8RXD, EV 103.8 MPH)
|
|
Batting: RHB Chris Jones
|
0-0: Ball 1-0: Called Strike 1-1: Ball 2-1: Ball 3-1: Called Strike 3-2: Foul Ball, location: 2F 3-2: Base on Balls
|
|
Batting: RHB Hector Tabares
|
0-0: Ball 1-0: SINGLE (Line Drive, 89S, EV 90.0 MPH) Chris Jones to second Runner from 2nd tries for 3rd, SAFE, throw by RF made to third
|
|
Batting: LHB Nelson Pelico
|
0-0: Called Strike 0-1: DOUBLE (Flyball, 8LXD, EV 108.8 MPH) Chris Jones scores Hector Tabares to third Runner from 3rd tries for Home, SAFE, no throw by CF
|
|
Batting: RHB Cesar Rendon
|
0-0: Ball 1-0: Foul Ball, location: 2F 1-1: Foul Ball, location: 2F 1-2: Strikes out swinging
|
| Bottom of the 3rd over - 2 runs, 2 hits, 0 errors, 1 left on base; Tijuana 0 - Roswell 2 |
| TOP OF THE 4TH |
|
Tijuana Toros batting - Pitching for Roswell Invaders : RHP Sam Lewis
|
|
Batting: LHB Fernão Manta
|
0-0: Ball 1-0: Ball 2-0: Called Strike 2-1: Foul Ball, location: 2F 2-2: Ball 3-2: Fly out, F7 (Flyball, 78S, EV 91.2 MPH)
|
|
Batting: RHB Juan Gallegos
|
0-0: Foul Ball, location: 2F 0-1: Ball 1-1: Ball 2-1: Foul Ball, location: 2F 2-2: Strikes out looking
|
|
Batting: LHB Chris Buchan
|
0-0: Ball 1-0: Fly out, F9 (Flyball, 9D, EV 96.2 MPH)
|
| Top of the 4th over - 0 runs, 0 hits, 0 errors, 0 left on base; Tijuana 0 - Roswell 2 |
| BOTTOM OF THE 4TH |
|
Roswell Invaders batting - Pitching for Tijuana Toros : LHP Cao-Ky Trieu
|
|
Batting: RHB Jimmy McIntosh
|
0-0: Ball 1-0: Ball 2-0: Ball 3-0: Called Strike 3-1: Base on Balls
|
|
Batting: LHB Falco van Koeveringe
|
0-0: Called Strike 0-1: Called Strike 0-2: Strikes out swinging
|
|
Batting: RHB John Ricketts
|
0-0: Ball 1-0: Called Strike 1-1: Ball 2-1: Ball 3-1: Base on Balls Jimmy McIntosh to second
|
|
Batting: RHB Jose Cuellar
|
0-0: Ball 1-0: Foul Ball, location: 2F 1-1: 3-RUN HOME RUN (Flyball, 7LD, EV 91.9 MPH), Distance : 333 ft
|
|
Batting: RHB Carlos Gonzalez
|
0-0: Foul Ball, location: 2F 0-1: Ball 1-1: Called Strike 1-2: SINGLE (Groundball, 34D, EV 98.8 MPH)
|
|
Batting: RHB Chris Jones
|
0-0: Ball 1-0: Foul Ball, location: 2F 1-1: Ball 2-1: Foul Ball, location: 2F 2-2: Foul Ball, location: 2F 2-2: Foul Ball, location: 2F 2-2: Ball 3-2: TRIPLE (Flyball, 89XD, EV 93.1 MPH) Carlos Gonzalez scores
|
|
Pitching: LHP Conor Bailey
|
|
|
Batting: RHB Hector Tabares
|
0-0: SINGLE (Groundball, 6MD, EV 97.5 MPH) Chris Jones scores
|
|
Batting: LHB Nelson Pelico
|
0-0: SINGLE (Flyball, 89S, EV 86.2 MPH) Hector Tabares to second
|
|
Batting: RHB Cesar Rendon
|
0-0: Ball 1-0: Foul Ball, location: 2F 1-1: Ball Passed Ball! Hector Tabares to third Nelson Pelico to second 2-1: Swinging Strike 2-2: Foul Ball, location: 2F 2-2: Foul Ball, location: 2F 2-2: Ball 3-2: Ground out 6-3 (Groundball, 6, EV 88.1 MPH) Hector Tabares scores
|
|
Batting: RHB Jimmy McIntosh
|
0-0: Called Strike 0-1: Ball 1-1: Swinging Strike 1-2: Ball 2-2: Ball 3-2: Strikes out looking
|
| Bottom of the 4th over - 6 runs, 5 hits, 0 errors, 1 left on base; Tijuana 0 - Roswell 8 |
| TOP OF THE 5TH |
|
Tijuana Toros batting - Pitching for Roswell Invaders : RHP Sam Lewis
|
|
Batting: RHB Bob Magana
|
0-0: Swinging Strike 0-1: Foul Ball, location: 2F 0-2: Ball 1-2: Foul Ball, location: 2F 1-2: Foul Ball, location: 2F 1-2: Ball 2-2: Ball 3-2: Foul Ball, location: 2F 3-2: Ground out 6-3 (Groundball, 6, EV 102.5 MPH)
|
|
Batting: LHB Jim Jardine
|
0-0: Called Strike 0-1: Ball 1-1: Swinging Strike 1-2: Ball 2-2: Fly out, F8 (Flyball, 8LD, EV 99.4 MPH)
|
|
Batting: RHB Makoto Narita
|
0-0: Ball 1-0: SINGLE (Groundball, 6D, EV 100.6 MPH)
|
|
Batting: LHB Pedro Garza
|
0-0: Called Strike 0-1: Ball Makoto Narita is caught stealing 2nd base 2-6
|
| Top of the 5th over - 0 runs, 1 hit, 0 errors, 0 left on base; Tijuana 0 - Roswell 8 |
| BOTTOM OF THE 5TH |
|
Roswell Invaders batting - Pitching for Tijuana Toros : LHP Conor Bailey
|
|
Batting: LHB Falco van Koeveringe
|
0-0: SOLO HOME RUN (Flyball, 9D, EV 97.5 MPH), Distance : 396 ft
|
|
Batting: RHB John Ricketts
|
0-0: Called Strike 0-1: Ball 1-1: Ground out 5-3 (Groundball, 5L, EV 88.1 MPH)
|
|
Batting: RHB Jose Cuellar
|
0-0: Ball 1-0: Called Strike 1-1: Foul Ball, location: 2F 1-2: Ball 2-2: Foul Ball, location: 2F 2-2: Ground out 6-3 (Groundball, 6, EV 89.4 MPH)
|
|
Batting: RHB Carlos Gonzalez
|
0-0: Ball 1-0: Called Strike 1-1: Swinging Strike 1-2: Ball 2-2: Strikes out looking
|
| Bottom of the 5th over - 1 run, 1 hit, 0 errors, 0 left on base; Tijuana 0 - Roswell 9 |
| TOP OF THE 6TH |
|
Tijuana Toros batting - Pitching for Roswell Invaders : RHP Sam Lewis
|
|
Batting: LHB Pedro Garza
|
0-0: Called Strike 0-1: Ball 1-1: Ball 2-1: Ball 3-1: Base on Balls
|
|
Batting: SHB Alex Noval
|
0-0: Ball 1-0: Ball 2-0: Foul Ball, location: 2F 2-1: Ball 3-1: Foul Ball, location: 2F 3-2: Strikes out looking
|
|
Batting: RHB Jason Baldwin
|
0-0: Called Strike 0-1: Fly out, F7 (Line Drive, 7S, EV 105.0 MPH)
|
|
Batting: LHB Fernão Manta
|
0-0: Ball 1-0: Foul Ball, location: 2F 1-1: Ball 2-1: Foul Ball, location: 2F 2-2: Strikes out swinging
|
| Top of the 6th over - 0 runs, 0 hits, 0 errors, 1 left on base; Tijuana 0 - Roswell 9 |
| BOTTOM OF THE 6TH |
|
Roswell Invaders batting - Pitching for Tijuana Toros : LHP Conor Bailey
|
|
Pitching: RHP Keith Birely
|
|
|
Batting: RHB Chris Jones
|
0-0: Ball 1-0: Ball 2-0: Ball 3-0: Called Strike 3-1: Called Strike 3-2: Foul Ball, location: 2F 3-2: Fly out, F7 (Flyball, 78D, EV 103.1 MPH)
|
|
Batting: RHB Hector Tabares
|
0-0: Ball 1-0: Called Strike 1-1: Ball 2-1: Foul Ball, location: 2F 2-2: Strikes out swinging
|
|
Batting: LHB Nelson Pelico
|
0-0: Swinging Strike 0-1: Fly out, F7 (Flyball, 7, EV 83.8 MPH)
|
| Bottom of the 6th over - 0 runs, 0 hits, 0 errors, 0 left on base; Tijuana 0 - Roswell 9 |
| TOP OF THE 7TH |
|
Tijuana Toros batting - Pitching for Roswell Invaders : RHP Sam Lewis
|
|
Pinch Hitting: RHB Tan-ming Kwan
|
0-0: Called Strike 0-1: Foul Ball, location: 2F 0-2: Strikes out looking
|
|
Batting: LHB Chris Buchan
|
0-0: SINGLE (Groundball, 34D, EV 99.4 MPH)
|
|
Pitching: LHP Ricky Ramirez
|
|
|
Batting: RHB Bob Magana
|
0-0: Swinging Strike 0-1: Foul Ball, location: 2F 0-2: Ball 1-2: Strikes out swinging
|
|
Pinch Hitting: RHB Djoka Subasic
|
0-0: Ball 1-0: Foul Ball, location: 2F 1-1: Swinging Strike 1-2: Strikes out swinging
|
| Top of the 7th over - 0 runs, 1 hit, 0 errors, 1 left on base; Tijuana 0 - Roswell 9 |
| BOTTOM OF THE 7TH |
|
Roswell Invaders batting - Pitching for Tijuana Toros : RHP Keith Birely
|
|
Now at SS: Tan-ming Kwan
|
|
|
Now in RF: Kekoa Kahele
|
|
|
Batting: RHB Cesar Rendon
|
0-0: Called Strike 0-1: Swinging Strike 0-2: Ball 1-2: Strikes out swinging
|
|
Batting: RHB Isaiah Hampton
|
0-0: Ball 1-0: Called Strike 1-1: Foul Ball, location: 2F 1-2: Ball 2-2: Foul Ball, location: 2F 2-2: Ball 3-2: Strikes out swinging
|
|
Batting: LHB Falco van Koeveringe
|
0-0: Ball 1-0: Ball 2-0: Ball 3-0: Base on Balls
|
|
Batting: RHB John Ricketts
|
0-0: Ball 1-0: Foul Ball, location: 2F 1-1: Foul Ball, location: 2F 1-2: Ball 2-2: DOUBLE (Flyball, 89XD, EV 106.2 MPH) Falco van Koeveringe to third Runner from 3rd tries for Home, SAFE, throw by CF to trailing runner, SAFE at third!
|
|
Pitching: RHP Jimmy Hitchcock
|
|
|
Batting: RHB Jose Cuellar
|
0-0: SINGLE (Flyball, 8LS, EV 95.0 MPH) John Ricketts scores
|
|
Batting: RHB Carlos Gonzalez
|
0-0: Called Strike 0-1: Swinging Strike 0-2: Foul Ball, location: 2F 0-2: Strikes out swinging
|
| Bottom of the 7th over - 2 runs, 2 hits, 0 errors, 1 left on base; Tijuana 0 - Roswell 11 |
| TOP OF THE 8TH |
|
Tijuana Toros batting - Pitching for Roswell Invaders : LHP Ricky Ramirez
|
|
Batting: RHB Makoto Narita
|
0-0: Foul Ball, location: 2F 0-1: Ball 1-1: Ball 2-1: Foul Ball, location: 2F 2-2: Foul Ball, location: 2F 2-2: Foul Ball, location: 2F 2-2: Foul Ball, location: 2F 2-2: Ball 3-2: Base on Balls
|
|
Batting: RHB David Watkins
|
0-0: Called Strike 0-1: Ball 1-1: Foul Ball, location: 2F 1-2: Ball 2-2: SINGLE (Flyball, 89S, EV 97.5 MPH) Makoto Narita to second Throwing error, E9 Makoto Narita scores David Watkins to second
|
|
Pinch Hitting: RHB Carlos Gonzalez
|
0-0: Ball 1-0: Foul Ball, location: 2F 1-1: Ball 2-1: Foul Ball, location: 2F 2-2: Strikes out looking
|
|
Batting: RHB Jason Baldwin
|
0-0: Called Strike 0-1: Foul Ball, location: 2F 0-2: Foul Ball, location: 2F 0-2: Ball 1-2: Strikes out swinging
|
|
Batting: LHB Fernão Manta
|
0-0: Ball 1-0: Ball 2-0: Foul Ball, location: 2F 2-1: Fly out, F9 (Flyball, 89S, EV 95.0 MPH)
|
| Top of the 8th over - 1 run, 1 hit, 1 error, 1 left on base; Tijuana 1 - Roswell 11 |
| BOTTOM OF THE 8TH |
|
Roswell Invaders batting - Pitching for Tijuana Toros : RHP Jimmy Hitchcock
|
|
Now in CF: Yok-sing Zhào
|
|
|
Batting: RHB Chris Jones
|
0-0: Foul Ball, location: 2F 0-1: Ball 1-1: Ball 2-1: Ball 3-1: Foul Ball, location: 2F 3-2: SOLO HOME RUN (Flyball, 78XD, EV 111.2 MPH), Distance : 419 ft
|
|
Batting: RHB Hector Tabares
|
0-0: Ball 1-0: Swinging Strike 1-1: SOLO HOME RUN (Flyball, 89XD, EV 114.4 MPH), Distance : 428 ft
|
|
Batting: LHB Nelson Pelico
|
0-0: Swinging Strike 0-1: Ground out 4-3 (Groundball, 4, EV 105.0 MPH)
|
|
Batting: RHB Cesar Rendon
|
0-0: Ball 1-0: Ball 2-0: Fly out, F7 (Line Drive, 78S, EV 95.6 MPH)
|
|
Batting: LHB Danny Salas
|
0-0: Fly out, F7 (Flyball, 78M, EV 77.5 MPH)
|
| Bottom of the 8th over - 2 runs, 2 hits, 0 errors, 0 left on base; Tijuana 1 - Roswell 13 |
| TOP OF THE 9TH |
|
Tijuana Toros batting - Pitching for Roswell Invaders : LHP Ricky Ramirez
|
|
Pitching: LHP Liu-liang Zhu
|
|
|
Pinch Hitting: RHB Roberto Sotelo
|
0-0: Ball 1-0: Ball 2-0: Called Strike 2-1: Swinging Strike 2-2: Ball 3-2: Foul Ball, location: 2F 3-2: Strikes out swinging
|
|
Batting: LHB Chris Buchan
|
0-0: Foul Ball, location: 2F 0-1: Ball 1-1: Foul Ball, location: 2F 1-2: Ground out 4-3 (Groundball, 34D, EV 107.5 MPH)
|
|
Batting: RHB Bob Magana
|
0-0: Foul Ball, location: 2F 0-1: Ball 1-1: Foul Ball, location: 2F 1-2: Ball 2-2: Ball 3-2: Foul Ball, location: 2F 3-2: Strikes out swinging
|
| Top of the 9th over - 0 runs, 0 hits, 0 errors, 0 left on base; Tijuana 1 - Roswell 13 |
|